 Dungeon Crawl Stone Soup version 0.30-a0-824-g6c64550be9 (webtiles) character file.

Game seed: 12772784577574331291

751 bmack86 the Chopper (level 7, -1/61 HPs)
             Began as a Minotaur Fighter on Feb 28, 2023.
             Was an Initiate of Okawaru.
             Slain by Duvessa
             ... wielding a +8 rapier of electrocution
              (10 damage)
             ... on level 5 of the Dungeon.
             The game lasted 00:14:58 (4262 turns).

bmack86 the Chopper (Minotaur Fighter)              Turns: 4262, Time: 00:14:58

Health: -1/61      AC: 13    Str: 23    XL:     7   Next: 49%
Magic:  6/6        EV:  5    Int:  5    God:    Okawaru [......]
Gold:   224        SH:  8    Dex:  9    Spells: 6/6 levels left

rFire   . . .      SeeInvis .    a - +1 war axe
rCold   . . .      Faith    .    f - +0 kite shield
rNeg    . . .      Spirit   .    s - +0 plate armour
rPois   .          Reflect  .    l - +0 hat
rElec   .          Harm     .    g - +0 cloak
rCorr   .          Rampage  .    (no gloves)
Will    .....                    (no boots) Stlth
                                 (no amulet)
HPRegen 0.30/turn                (no ring)
MPRegen 0.10/turn                (no ring)

@: mighty
A: horns 2, retaliatory headbutt
a: Renounce Religion


You were on level 5 of the Dungeon.
You worshipped Okawaru.
Okawaru was noncommittal.
You visited 2 branches of the dungeon, and saw 6 of its levels.
You also visited: Sewer.

You collected 224 gold pieces.

Inventory:

Hand Weapons
 a - a +1 war axe (weapon)
 n - a +0 war axe
Missiles
 o - 14 poisoned darts (quivered)
Armour
 b - a +0 scale mail
 c - a +0 buckler
 f - a +0 kite shield (worn)
 g - a +0 cloak (worn)
 l - a +0 hat (worn)
 s - a +0 plate armour (worn)
Jewellery
 p - a ring of wizardry
Wands
 h - a wand of paralysis (11)
Scrolls
 k - 3 scrolls of fear
 m - 3 scrolls of teleportation
 t - a scroll of magic mapping {unknown}
Potions
 d - a potion of might
 e - 6 potions of flight
 i - 2 potions of resistance
 j - 2 potions of lignification
 q - 3 potions of brilliance
 r - 2 potions of curing


   Skills:
 + Level 5.5 Fighting
 * Level 6.2 Axes
 + Level 2.5 Throwing
 + Level 5.4 Armour
 + Level 5.4 Shields
 + Level 1.0 Invocations


You had 6 spell levels left.
You didn't know any spells.
Your spell library contained the following spells:

 Spells                   Type           Power      Damage    Failure   Level
 Slow                     Hex            0%         N/A       100%        1
 Lesser Beckoning         Tloc           0%         N/A       100%        2
 Confusing Touch          Hex            0%         N/A       100%        3
 Gell's Gravitas          Tloc           0%         N/A       100%        3
 Teleport Other           Tloc           0%         N/A       100%        3
 Vampiric Draining        Necr           0%         2d6       100%        3


Dungeon Overview and Level Annotations

Branches:
Dungeon (5/15)             Temple (1/1) D:4           Sewer (visited)

Altars:
Ashenzari
Cheibriados
Dithmenos
Elyvilon
Fedhas
Gozag
Kikubaaqudgha
Nemelex Xobeh
Okawaru
Qazlal
Sif Muna
Trog
Vehumet
Xom
Yredelemnul
Zin
The Shining One

Shops:
D:2 ?*   D:5 ?

Annotations:
D:5 Dowan, Duvessa
Temple 4 transporters


Innate Abilities, Weirdness & Mutations

You have a pair of horns on your head.
You reflexively headbutt those who attack you in melee.


Message History

Dowan mumbles some strange words.
Dowan blinks!
You block the orc's attack. Duvessa hits you but does no damage.
You slash Duvessa!
Duvessa is severely wounded.
You hit the orc but do no damage.
Dowan gestures at Duvessa while chanting.
Duvessa seems to speed up.
You block the orc's attack. Duvessa hits you but does no damage.
Duvessa hits you with a +8 rapier of electrocution!
You block the orc's attack.
You closely miss Duvessa. Your headbutt misses Duvessa.
Duvessa is severely wounded.
You hit the orc.
You kill the orc!
Okawaru accepts your kill.
Duvessa hits you with a +8 rapier of electrocution!
Duvessa drinks a potion.
Duvessa is healed!
You hit Duvessa. You headbutt Duvessa.
Duvessa is moderately wounded.
You block Duvessa's attack. Dowan hits you but does no damage.
Duvessa barely misses you.
You hit Dowan. You headbutt Dowan!
Dowan is heavily wounded.
You hit Duvessa.
Duvessa hits you with a +8 rapier of electrocution.
You are electrocuted!
* * * LOW HITPOINT WARNING * * *
Dowan hits you but does no damage. You block Duvessa's attack.
Dowan hits you but does no damage.
You hit Dowan but do no damage. You headbutt Dowan.
Dowan is severely wounded.
You barely miss Duvessa.
Duvessa says, "Beauty is only skin deep, and my weapons penetrate much further than that."
Duvessa hits you with a +8 rapier of electrocution.
* * * LOW HITPOINT WARNING * * *
You block Duvessa's attack. You block Dowan's attack.
You feel very mighty all of a sudden.
Duvessa yells, "You can run, but you cannot escape us forever!"
Duvessa hits you with a +8 rapier of electrocution!
You die...

.##. ## .#.# ###
#.. #..##.. #...
#..... ...##....#
#.......#####..
#....e........
#..)@.##. ...
#..e..##.##.#
###.####.##.# #.#
#.##.# #.# #.##.#
#.# #.##.## #.#
#.#.#.######## #.#
#..###........
#.####.#.#.########


You could see Duvessa (fast) and Dowan.

Vanquished Creatures
  Grinder (D:5)
  Edmund (D:4)
  A phantom (D:4)
  An orc priest (D:3)
  2 orc wizards
  13 adders
  2 river rats (Sewer)
  2 ufetubi
  2 worms (Sewer)
  2 dart slugs
  12 orcs
  16 bats
  7 endoplasms
  7 giant cockroaches
  7 goblins
  5 hobgoblins
  9 jackals
  7 quokkas
  10 ball pythons
  3 frilled lizards
  8 kobolds
  7 rats
125 creatures vanquished.

Vanquished Creatures (others)
  4 plants (D:1)
4 creatures vanquished.

Grand Total: 129 creatures vanquished

Notes
Turn   | Place    | Note
-------+----------+-------------------------------------------
     0 | D:1      | bmack86 the Minotaur Fighter began the quest for the Orb.
     0 | D:1      | Reached XP level 1. HP: 19/19 MP: 0/0
   163 | D:1      | Reached XP level 2. HP: 27/27 MP: 1/1
   233 | D:1      | Reached skill level 3 in Axes
   557 | D:1      | Found a faded altar of an unknown god.
   985 | D:1      | Found a shimmering blue altar of Sif Muna.
  1015 | D:2      | Found Xemaifry's Magic Scroll Shoppe.
  1025 | D:2      | Reached XP level 3. HP: 29/33 MP: 2/2
  1159 | D:2      | Found a bloodstained altar of Trog.
  1184 | D:2      | Reached XP level 4. HP: 40/40 MP: 3/3
  1237 | D:2      | Found Lymiz's General Store.
  1507 | D:2      | Reached skill level 4 in Axes
  1698 | D:3      | Reached skill level 1 in Throwing
  1698 | D:3      | Reached XP level 5. HP: 36/47 MP: 4/4
  1705 | D:3      | Found a glowing drain.
  1727 | Sewer    | Entered a sewer
  2222 | Sewer    | Reached skill level 5 in Axes
  2222 | Sewer    | Reached XP level 6. HP: 48/55 MP: 5/5
  3221 | D:4      | Reached skill level 5 in Fighting
  3221 | D:4      | Reached skill level 5 in Armour
  3248 | D:4      | Found a staircase to the Ecumenical Temple.
  3261 | Temple   | Entered the Ecumenical Temple
  3261 | Temple   | Found a transporter.
  3261 | Temple   | Found a transporter.
  3263 | Temple   | Found a transporter.
  3263 | Temple   | Found a transporter.
  3305 | D:4      | Noticed Edmund
  3317 | D:4      | Killed Edmund
  3318 | D:4      | Reached skill level 5 in Shields
  3318 | D:4      | Reached XP level 7. HP: 30/61 MP: 6/6
  3553 | D:4      | Identified the +4 scale mail of Snakes and Ladders {Harm
                  | Rampage Str+3}
  3642 | D:4      | Found an iron altar of Okawaru.
  3657 | D:4      | Became a worshipper of Warmaster Okawaru
  3764 | D:5      | Entered Level 5 of the Dungeon
  3876 | D:5      | Noticed Grinder
  3880 | D:5      | Paralysed by Grinder for 5 turns
  3887 | D:5      | Paralysed by Grinder for 5 turns
  3897 | D:5      | Killed Grinder
  3898 | D:5      | Reached skill level 6 in Axes
  3898 | D:5      | Reached skill level 1 in Invocations
  4019 | D:5      | Found Linn's Magic Scroll Boutique.
  4249 | D:5      | Noticed Duvessa
  4250 | D:5      | Noticed Dowan
  4262 | D:5      | Slain by Duvessa

Illustrated notes

Levels and vault maps discovered:
D:1:      dpeg_arrival_water_altar, layout_basic, ebering_ecumenical_altar_box,
          serial_forest, infiniplex_forest_lined_3_way,
          infiniplex_forest_clump_small, infiniplex_forest_corner_1,
          infiniplex_forest_corner_1
D:2:      layout_rooms, serial_shops, nicolae_diamond_shop,
          nicolae_shop_advertising_works [nicolae_subvault_shop_adworks],
          basic_altar, guppyfry_early_orc_mine
D:3:      layout_basic, portal_sewer_entry_b
D:4:      layout_rooms, okawaru_gym_becter, minmay_temple_entry_water_ring,
          uniq_edmund
D:5:      layout_loops_ring, serial_shops, shop, uniq_grinder,
          uniq_blork_the_orc, uniq_duvessa
Temple:   hellmonk_temple_divided_pantheon

Skill      XL: |  1  2  3  4  5  6  7 |
---------------+----------------------+-----
Axes           | 3 4 5 6 |  6.2
Fighting       | 4 5 |  5.5
Armour         | 4 5 |  5.4
Shields        | 4 5 |  5.4
Throwing       | 1 2 |  2.5
Invocations    | 1 |  1.0

Action                     |  1- 3 |  4- 6 |  7- 9 || total
---------------------------+-------+-------+-------++-------
  Melee: War axe           |    63 |   171 |    50 ||   284
         Headbutt          |     8 |    21 |    11 ||    40
  Throw: Dart              |       |     2 |     2 ||     4
    Use: Scroll            |     2 |     7 |     1 ||    10
         Potion            |       |     1 |     1 ||     2
 Armour: Scale mail        |    36 |    12 |       ||    48
         Plate armour      |       |   174 |    32 ||   206
  Dodge: Dodged            |    32 |    68 |     7 ||   107
  Block: Buckler           |     3 |       |       ||     3
         Kite shield       |    34 |   117 |    31 ||   182

Table legend: (Time is in decaauts)
 A = Elapsed time spent in this place.
 B = Non-inter-level travel time spent in this place.
 C = Inter-level travel time spent in this place.
 D = Time resting spent in this place.
 E = Time spent auto-exploring this place.
 F = Levels seen in this place.
 G = Mean time per level.
                   A        B        C        D        E       F      G
               +--------+--------+--------+--------+--------+-----+--------+
         Total |   4582 |   4484 |     98 |      0 |   2604 |   7 |  654.6 |
       Dungeon |   3565 |   3467 |     98 |      0 |   2242 |   5 |  713.0 |
        Temple |     37 |     37 |      0 |      0 |      0 |   1 |   37.0 |
         Sewer |    978 |    978 |      0 |      0 |    362 |   1 |  978.0 |
               +--------+--------+--------+--------+--------+-----+--------+

Top non-repeatable levels by time:
     D:1: 1040 daAuts
   Sewer: 978 daAuts
     D:3: 681 daAuts
     D:2: 670 daAuts
     D:4: 660 daAuts
     D:5: 512 daAuts
  Temple: 37 daAuts
